 Dungeon Crawl Stone Soup version 0.28.0-53-g5a82cb258f (console) character file.

Game seed: 16223020680845017004

53 shmup the Magician (level 3, 0/26 HPs)
             Began as a Palentonga Hedge Wizard on June 22, 2022.
             Slain by a bat (1 damage)
             ... on level 3 of the Dungeon on June 25, 2022.
             The game lasted 00:16:24 (2298 turns).

shmup the Magician (Palentonga Hedge Wizard)        Turns: 2298, Time: 00:16:25

Health: 0/26       AC:  4    Str: 13    XL:     3   Next: 62%
Magic:  7/7        EV: 10    Int: 16    God:
Gold:   63         SH:  0    Dex:  9    Spells: 3/8 levels left

rFire   + . .      SeeInvis +   a - +0 dagger
rCold   + . .      Faith    .   (no shield)
rNeg    . . .      Spirit   .   b - +0 robe
rPois   +          Reflect  .   c - +0 hat
rElec   +          Harm     .   (no cloak)
rCorr   +          Rampage  .   (no gloves)
Will    .....                   (no barding)
Stlth   +.........              (no amulet)
HPRegen 0.08/turn               (no ring)
MPRegen 0.10/turn               (no ring)

@: resistant, studying Translocations
A: large, rugged brown scales 3, see invisible, deformed body, roll 1, armoured
tail, stinger 1, devolution 1
a: Rolling Charge


You were on level 3 of the Dungeon.
You visited 1 branch of the dungeon, and saw 3 of its levels.

You collected 63 gold pieces.

Inventory:

Hand Weapons
 a - a +0 dagger (weapon)
 k - a +0 dagger
Missiles
 g - 42 stones (quivered)
Armour
 b - a +0 robe (worn)
 c - a +0 hat (worn)
Magical Staves
 n - a staff of death
Wands
 l - a wand of acid (12)
Scrolls
 d - 2 scrolls of magic mapping {unknown}
 e - a scroll of identify {unknown}
 i - a scroll of fear {unknown}
 j - a scroll of blinking {unknown}
 m - a scroll of amnesia {unknown}


   Skills:
 + Level 0.5 Fighting
 + Level 2.0 Dodging
 + Level 1.5 Stealth
 + Level 3.2 Spellcasting
 + Level 1.3 Conjurations
 + Level 1.3 Summonings
 + Level 1.7 Translocations


You had 3 spell levels left.
You knew the following spells:

 Your Spells              Type           Power      Damage    Failure   Level
a - Magic Dart            Conj           24%        1d4       11%         1
b - Blink                 Tloc           16%        N/A       13%         2
c - Call Imp              Summ           6%         N/A       16%         2

Your spell library contained the following spells:

 Spells                   Type           Power      Damage    Failure   Level
 Slow                     Hex            8%         N/A       19%         1
 Conjure Flame            Conj/Fire      4%         6-21      38%         3
 Mephitic Cloud           Conj/Pois/Air  3%         N/A       43%         3


Dungeon Overview and Level Annotations

Branches:
Dungeon (2/15)

Altars:


Innate Abilities, Weirdness & Mutations

You are completely covered in rugged brown scales. (AC +3, +7% HP)
You have supernaturally acute eyesight. (SInv)
Armour fits poorly on your strangely shaped body.
You can roll at nearby foes to attack.
You have a long armoured tail.
Your tail ends in a venomous barb.
You have hidden genetic defects.


Message History

The hobgoblin is moderately wounded.
The bat misses you.
The hobgoblin hits you but does no damage.
You hit the hobgoblin.
The hobgoblin is severely wounded.
The bat barely misses you.
The hobgoblin hits you with a +0 short sword.
* * * LOW HITPOINT WARNING * * *
You barely miss the hobgoblin.
The hobgoblin is severely wounded.
The bat hits you but does no damage. The hobgoblin barely misses you.
You closely miss the hobgoblin.
Your tail-slap misses the hobgoblin.
The hobgoblin is severely wounded.
The bat hits you but does no damage.
The hobgoblin hits you with a +0 short sword.
* * * LOW HITPOINT WARNING * * *
You hit the hobgoblin but do no damage.
The hobgoblin is severely wounded.
The bat barely misses you. The hobgoblin misses you.
It was a potion of resistance.
You feel protected. The bat completely misses you. The bat misses you.
The hobgoblin barely misses you.
It was a potion of mutation.
You feel extremely strange.
You feel a hidden malignance growing inside you.
A venomous barb forms on the end of your tail.
The bat barely misses you. The bat hits you.
* * * LOW HITPOINT WARNING * * *
The bat hits you but does no damage.
The hobgoblin hits you with a +0 short sword.
* * * LOW HITPOINT WARNING * * *
You hit the hobgoblin.
You kill the hobgoblin!
The bat hits you but does no damage. The bat hits you but does no damage.
You see here a jackal corpse.
The bat barely misses you.
A bat is nearby!
You closely miss the bat. The bat closely misses you.
The bat hits you but does no damage. The bat hits you.
You die...

▒..▒ ▒..▒
▒..▒ ▒).▒
▒▒▒▒▒▒▒..▒
.........▒
▒▒▒▒▒▒▒%▒▒
▒.▒ ▒.▒
▒b▒ ▒H▒
▒.▒ ▒.▒
▒.▒▒▒
▒...▒
▒▒▒.▒ ▒.▒
▒.▒ ▒.▒
▒.▒ ▒.▒


You could see a bat.

Vanquished Creatures
  A dart slug (D:1)
  10 endoplasms
  A giant cockroach (D:1)
  2 goblins (D:2)
  2 hobgoblins
  3 jackals (D:3)
  A quokka (D:3)
  7 ball pythons
  4 bats
  5 kobolds
  7 rats
43 creatures vanquished.

Vanquished Creatures (collateral kills)
  A jackal (D:3)
1 creature vanquished.

Vanquished Creatures (others)
  2 plants (D:3)
2 creatures vanquished.

Grand Total: 46 creatures vanquished

Notes
Turn   | Place    | Note
-------+----------+-------------------------------------------
     0 | D:1      | shmup the Palentonga Hedge Wizard began the quest for the
                  | Orb.
     0 | D:1      | Reached XP level 1. HP: 13/13 MP: 4/4
   107 | D:1      | Found a faded altar of an unknown god.
   223 | D:1      | Reached skill level 1 in Conjurations
   318 | D:1      | Reached skill level 1 in Summonings
   318 | D:1      | Reached XP level 2. HP: 20/20 MP: 6/6
   349 | D:1      | Learned a level 2 spell: Blink
   352 | D:1      | Learned a level 2 spell: Call Imp
  1104 | D:1      | Reached XP level 3. HP: 25/25 MP: 7/7
  1990 | D:2      | You fall into a shaft and drop 1 floor!
  2290 | D:3      | Gained mutation: You have hidden genetic defects. [potion
                  | of mutation]
  2290 | D:3      | Gained mutation: Your tail ends in a venomous barb. [potion
                  | of mutation]
  2290 | D:3      | HP: 1/26 [hobgoblin/+0 short sword (2)]
  2298 | D:3      | Slain by a bat

Illustrated notes

Levels and vault maps discovered:
D:1:      minmay_arrival_three_doors, layout_basic,
          shapermc_ecumenical_altar_mp_highgroup, minmay_misc_feat_room
D:2:      minmay_diamond_boxcup, layout_loops_ring, minmay_strange_pillars,
          minmay_cut_off
D:3:      layout_loops_ring, serial_bayou_pond_a, uniq_grinder

Skill      XL: |  1  2  3 |
---------------+----------+-----
Conjurations   | 1 |  1.3
Summonings     | 1 |  1.3
Dodging        | 2 |  2.0
Fighting       | |  0.5
Stealth        | |  1.5
Spellcasting   | |  3.2
Translocations | |  1.7

Action                   || total
-------------------------++-------
Melee: Dagger            ||   183
       Tailslap          ||    17
Throw: Stone             ||     2
 Cast: Magic Dart        ||     5
       Call Imp          ||     2
 Abil: Rolling Charge    ||    28
  Use: Potion            ||     2
 Stab: Held in net/web   ||     1
Armor: Robe              ||    80
Dodge: Dodged            ||    84
